[Event "ChessKid Cup Div-III 2023"]
[Site "Online"]
[Date "2023.05.22"]
[Round "1.2"]
[White "Harikrishna, Pentala"]
[Black "Iturrizaga Bonelli, Eduardo"]
[Result "1/2-1/2"]
[ECO "B38"]
[WhiteElo "2704"]
[BlackElo "2637"]
[Annotator "TA"]
[PlyCount "109"]
[EventDate "2023.05.21"]
[EventType "k.o."]
[EventCountry "NET"]
[SourceTitle "playchess.com"]
[Source "ChessBase"]
[SourceQuality "1"]
[TimeControl "900+3"]

1. c4 c5 2. Nf3 Nc6 3. Nc3 Nf6 4. e4 d6 5. d4 cxd4 6. Nxd4 g6 7. Be2 Bg7 8. Be3 O-O 9. O-O Bd7 10. Nc2 Be6 {[%emt 0:00:01] B38: Sicilian: Maroczy Bind with 5...Bg7 and 7...0-0.} 11. Rc1 Nd7 {[%emt 0:00:11] [#]} 12. Nd4 $146 ({Predecessor:} 12. Qd2 a5 13. f3 a4 14. Na3 Qa5 15. f4 Nc5 16. Bf3 Nb4 17. Be2 Nxa2 18. Nxa2 Qxd2 19. Bxd2 {0-1 So,W (2765)-Iturrizaga Bonelli,E (2637) PRO League Stage rapid 2019 (10)}) 12... Nc5 {[%emt 0:00:19] White is slightly better.} 13. Nxc6 bxc6 14. Bd4 Qb6 15. Bxg7 Kxg7 16. b3 a5 17. Qd4+ (17. Rb1 $5) 17... f6 18. Rb1 Qb4 19. f4 a4 20. Nxa4 Nxa4 21. bxa4 Qxa4 22. Rb7 Rf7 23. f5 Bc8 24. fxg6 {[%emt 0:00:08] [#] Threatening mate with Rxe7.} Bxb7 25. gxf7 c5 26. Qe3 Qxa2 27. Qg3+ $1 Kh8 (27... Kxf7 $5 28. Bh5+ $8 Kf8 29. Rxf6+ exf6 30. Qxd6+ Kg8 31. Qe6+ Kg7 32. Qf7+ Kh6 33. Qxf6+ Kxh5 34. Qf7+ (34. Qf5+ Kh6 $11) 34... Kh6 35. Qf6+ Kh5 36. Qf7+ (36. Qf5+ Kh6 $11) 36... Kh6 37. Qf6+ Kh5 $11) 28. Qe3 {[%emt 0:01:57][%cal Oe3h6] [#] White threatens Qh6! and mate.} Rf8 (28... Kg7 $1 $11) 29. Bh5 $16 Qa8 $2 (29... Kg7 $16) 30. Qc3 $2 (30. Qh6) 30... Qd8 (30... Kg7 {might work better.}) 31. Rf4 $2 (31. Qc1 $18 {Strongly threatening Qh6.} Bc8 32. Qh6) 31... e5 $2 (31... Bc8 $1 $11 {and Black stays safe.}) 32. Rg4 $2 (32. Rf1 $18) 32... Bc8 33. Rh4 {[%emt 0:00:03] White has more active pieces.} (33. Rg3 $16 f5 34. exf5) 33... f5 $11 34. Qh3 (34. Qg3 $11 Qa5 35. h3) 34... Qg5 $19 35. Bg4 $2 (35. exf5 Bxf5 36. Qg3 Qxg3 37. hxg3) 35... Rxf7 {[%emt 0:00:16] ( -> ...Qc1+)} (35... fxg4 $2 36. Rxh7#) 36. Bxf5 Bxf5 37. exf5 {[%emt 0:00:02][%mdl 4096] Endgame KQR-KQR} Qc1+ 38. Kf2 Rb7 (38... Qd2+ $142 39. Kf3 Qd3+ 40. Kf2 Rxf5+ 41. Qxf5 Qxf5+ 42. Ke1 Qb1+ 43. Kd2 e4) 39. Re4 Rb2+ 40. Re2 Qf4+ 41. Qf3 Qh4+ 42. Qg3 Rxe2+ ({Not} 42... Qxc4 43. Rxb2 Qd4+ 44. Kf3 Qxb2 45. Qg5 $11) 43. Kxe2 Qxc4+ {[%emt 0:00:01] KQ-KQ} 44. Qd3 Qg4+ (44... Qxd3+ 45. Kxd3 Kg7) 45. Kf2 $2 (45. Kf1 Qf4+ 46. Ke1 Qxh2 47. Qd5 (47. Qxd6 $2 {loses.} Qg1+ 48. Ke2 Qxg2+ 49. Ke3 Qg5+ 50. Ke4 Qf4+ {[%mdl 64] Deflection} 51. Kd5 Qxf5 $19)) 45... Qf4+ $2 (45... Qd4+ 46. Qxd4 exd4) 46. Ke2 e4 $2 (46... Qxh2 $19 47. Qd5 Qh5+ 48. Ke1 Qxf5 49. Qxd6 Qe4+ 50. Kf1 Qf4+ 51. Ke2 c4 52. Qd8+ Kg7 53. Qe7+ Kh6 54. Qe6+ Kh5 55. Qh3+ Kg6 56. Qe6+ Kg5 57. Qg8+ Kh6 58. Qe6+ Kh5 59. Qh3+ Kg5 60. Qxh7 Qg4+ 61. Kd2 Qd4+ 62. Ke2 Qg4+ 63. Kd2 Qd4+ 64. Ke2 Kf6 65. Qh8+ Ke7) 47. Qc3+ $11 {[%emt 0:00:01] The position is equal.} Kg8 48. Qf6 Qg4+ 49. Ke3 Qxg2 50. Qe6+ Kg7 {[%emt 0:00:01] ...Qf3+ is the strong threat.} 51. Qe7+ Kh6 {[%emt 0:00:03] aiming for ...Qg5+.} 52. Qh4+ Kg7 {[%emt 0:00:01] White must now prevent ...Qf3+.} 53. Qe7+ Kg8 {[%emt 0:00:03] ...Qf3+ would be deadly.} 54. Qe8+ Kg7 {[%emt 0:00:01] Hoping for ...Qf3+.} 55. Qe7+ {[%emt 0:00:01] White happily takes the draw.   Weighted Error Value: White=0.93/Black=0.58} 1/2-1/2

[Event "ChessKid Cup Div-III 2023"]
[Site "Online"]
[Date "2023.05.22"]
[Round "1.2"]
[White "Donchenko, Alexander"]
[Black "Yu, Yangyi"]
[Result "1/2-1/2"]
[ECO "D94"]
[WhiteElo "2669"]
[BlackElo "2729"]
[Annotator "TA"]
[PlyCount "98"]
[EventDate "2023.05.21"]
[EventType "k.o."]
[EventCountry "NET"]
[SourceTitle "playchess.com"]
[Source "ChessBase"]
[SourceQuality "1"]
[TimeControl "900+3"]

1. c4 c6 2. Nf3 d5 3. e3 Nf6 4. Nc3 g6 5. b3 Bg7 6. Bb2 O-O 7. Be2 b6 8. O-O Bb7 9. d4 Nbd7 10. cxd5 cxd5 11. a4 {[%emt 0:00:07] D94: Grünfeld: 4 Nf3 Bg7 5 e3.} a6 12. Bd3 Re8 {[%emt 0:00:54] [#]} 13. h3 $146 {[%emt 0:00:24] The position is equal.} ({Predecessor:} 13. Rc1 e6 14. Qe2 Ne4 15. Na2 Bf8 16. Rc2 b5 17. axb5 axb5 18. Nc3 Nxc3 19. Rxc3 {½-½ Ursente,M-Medunova,V (2191) Stare Mesto op 2004 (5)}) 13... Ne4 14. Qe2 e5 15. dxe5 Nxe5 ({Better is} 15... Nec5 $11) 16. Nxe5 $14 Bxe5 17. Nxe4 dxe4 18. Bc4 Qg5 19. Rad1 Bxb2 $1 20. Qxb2 {[%emt 0:00:00] aiming for Rd7.} b5 21. Rd7 bxc4 22. Rxb7 Rac8 23. Rc1 cxb3 24. Rd1 Red8 25. Qxb3 Rxd1+ 26. Qxd1 $11 {[%emt 0:00:00][%cal Ob7f7][%mdl 4096] Endgame Threatens to win with Rxf7! KQR-KQR} Qf6 27. Qb1 Qc6 28. Rb8 Rxb8 29. Qxb8+ {[%emt 0:00:00] KQ-KQ} Kg7 30. Qe5+ Kf8 31. a5 h5 32. Kh2 f6 33. Qb8+ Ke7 34. Kg3 g5 35. Qa7+ Ke6 36. Kh2 Qd6+ 37. g3 h4 38. Qb7 hxg3+ 39. Kg2 gxf2 40. Qxe4+ Kf7 41. Qb7+ Ke6 {[%emt 0:00:03] And now ...Qd5+ would win.} 42. Qc8+ Ke7 43. Qc2 Qd5+ 44. Kxf2 Qxa5 45. Qe4+ Kd6 (45... Qe5 $5 46. Qb7+ Ke8 47. Qxa6 Kf7 $11) 46. Qd4+ Ke6 {[%emt 0:00:01] ...Qf5+ would be deadly.} 47. Qe4+ {[%emt 0:00:02] [#]} (47. Qc4+ $1 $11 Ke7 48. Qe4+ Kf8 49. Qe6) 47... Kd6 (47... Qe5 $1 $17 48. Qc6+ Kf7 49. Qb7+ Kg6) 48. Qd4+ Ke6 (48... Ke7 $11) 49. Qe4+ $17 {[%emt 0:00:01] [#]} Kd6 {[%emt 0:00:04] Weighted Error Value: White=0.11 (very precise) /Black=0.07 (flawless)} ({Black should play} 49... Qe5 $1 $17 50. Qb7 Qf5+ 51. Kg1 Qb5 52. Qc8+ Kf7) 1/2-1/2

[Event "ChessKid Cup Div-III 2023"]
[Site "Online"]
[Date "2023.05.22"]
[Round "1.2"]
[White "Kamsky, Gata"]
[Black "Iniyan, P."]
[Result "1/2-1/2"]
[ECO "B90"]
[WhiteElo "2665"]
[BlackElo "2525"]
[Annotator "TA"]
[PlyCount "204"]
[EventDate "2023.05.21"]
[EventType "k.o."]
[EventCountry "NET"]
[SourceTitle "playchess.com"]
[Source "ChessBase"]
[SourceQuality "1"]
[TimeControl "900+3"]

1. e4 c5 2. Nf3 d6 3. d4 cxd4 4. Nxd4 Nf6 5. Nc3 a6 6. a4 e5 7. Nf3 Be7 8. Bc4 Be6 9. Bb3 Nbd7 10. Be3 Rc8 11. O-O Rxc3 12. bxc3 Nxe4 13. Bxe6 fxe6 14. Nd2 Nef6 15. Qb1 Qc7 16. Qb3 Kf7 17. Rab1 b5 18. axb5 axb5 19. Qxb5 Qxc3 20. Ne4 Nxe4 21. Qxd7 Qc8 22. Qa7 Qa8 23. f4 exf4 24. Rxf4+ Nf6 25. c4 Qxa7 26. Bxa7 Rc8 27. Rb8 Rc7 28. Bb6 Rc6 29. Bd8 e5 30. Rf1 Bxd8 31. Rxd8 Ke7 32. Ra8 Rxc4 33. Ra7+ Nd7 34. Rb1 Rc8 35. Rbb7 Rd8 36. Kf2 Ke6 37. Ke3 h5 38. h3 g6 39. Rc7 Nf6 40. Re7+ Kf5 41. Rf7 Rb8 42. Rad7 Rb6 43. Rd8 h4 44. Kf2 (44. Rff8 $1 $11) 44... Kg5 $1 $17 45. Ke2 (45. Ra7 $17 {was called for.}) 45... Nh5 $19 46. Rf2 Ng3+ 47. Kd1 (47. Kd3 e4+ 48. Kc3 e3 $17) 47... Ne4 48. Rc2 Rb1+ 49. Ke2 (49. Rc1 $17 Rb4 50. Kc2) 49... Ng3+ $1 $19 50. Kd2 Rf1 $2 (50... Rg1 $19 51. Kc3 Nf5) 51. Rc4 $1 $11 (51. Rxd6 $2 {loses.} Ne4+ 52. Ke2 Rf2+ 53. Ke3 Rxc2 $19) 51... Rf2+ 52. Ke1 Rf1+ 53. Kd2 Rf4 54. Rxf4 Kxf4 55. Rf8+ Nf5 56. Rf6 g5 57. Ke2 d5 58. Rf8 $2 (58. Kd3 $11 {and White is okay.}) 58... d4 $2 (58... Ke4 $19 {...d4 would be deadly.} 59. Kf2 Ng7) 59. Rf6 $2 (59. Kd3 $11) 59... Ke4 $19 60. Rg6 Ng3+ (60... Ne3 $142 {Hoping for ...d3+.} 61. Kd2 Kf5) 61. Kf2 Kf5 62. Rg8 e4 63. Rd8 Ke5 (63... e3+ $142 64. Ke1 Ke4 65. Re8+ Kd3) 64. Rg8 Kf4 $2 ({Black should play} 64... e3+ $19 65. Ke1 Ke4) 65. Rf8+ $11 Nf5 66. Ke2 $2 (66. Ke1 $1 $11 {and White has nothing to worry.}) 66... d3+ $2 (66... Ke5 $19 67. Re8+ Kd5) 67. Kd2 $11 Ke5 68. Re8+ $1 Kf4 (68... Kd5 $1 $17 {And now ...Nd6 would win.} 69. Kc3 (69. Rg8 $2 Nd6 $17) 69... Nd6) 69. Rf8 $11 g4 (69... Ke5 $5 ) 70. hxg4 Kxg4 71. Rg8+ Kf4 72. Rf8 Ke5 73. Re8+ Kd5 (73... Kd4 $5 74. Rd8+ $8 Kc4 75. Rc8+ Kd4 76. Rd8+ Kc4 77. Rc8+ Kd4 78. Rd8+ $11) 74. Kc3 $2 (74. Rh8 $11) 74... Nd6 $2 ({Better is} 74... Ne3 $19 75. Rg8 Ke5 76. Re8+ Kf4 77. Rf8+ Kg3) 75. Rh8 Nf5 76. Rd8+ Ke5 77. Re8+ Kf4 78. Rf8 $1 Kg5 79. Rg8+ Kf4 80. Rf8 $1 ({Not} 80. Kd2 $2 Nd6 81. Ke1 (81. Rf8+ $2 Kg3 $19) 81... Ke3 $19) 80... Ke5 81. Re8+ Kd5 (81... Kf4 $5 82. Rf8 $8 $11) 82. Rd8+ Nd6 83. Rh8 Nb5+ 84. Kd2 Kd4 85. Rd8+ Ke5 86. Rh8 Nd6 87. Kc3 Nb5+ 88. Kd2 Nd6 89. Kc3 Kf4 90. Rxh4+ Ke3 91. g4 (91. Rh5 $1 $11 {was the only way to keep the balance.}) 91... Nb5+ $17 92. Kb2 $2 {[%emt 0:00:02][%mdl 8192] [#]} (92. Kc4 $17) 92... d2 $1 93. Rh1 {[%emt 0:00:03] [#]} Ke2 $2 (93... Kd3 $1 94. g5 e3 95. g6 e2 96. Rh3+ Ke4 97. Rh4+ Kf5 98. Rh5+ Kf6 99. Rxb5 d1=Q 100. Rb6+ Kg5 101. g7 Qd2+ 102. Kb3 Qd5+ 103. Ka4 Qa2+ 104. Kb5 e1=Q 105. g8=Q+ Qxg8 106. Rd6 Qc3 107. Rd4 Qxd4 108. Ka6 Qa8+ 109. Kb5 Qaa4#) 94. Rh2+ $2 (94. g5 $11 d1=Q 95. Rxd1 Kxd1 96. g6) 94... Ke1 $2 (94... Kd3 {mates} 95. Rh1 e3 96. Kb3 e2 97. Kb4 Nd4 98. Kc5 e1=Q 99. Rh3+ Ke4 100. Rh8 Qc1+ 101. Kb4 d1=Q 102. Re8+ Kd3 103. Re3+ Kxe3 104. g5 Qb3+ 105. Ka5 Qb5#) 95. Rh1+ $11 Ke2 96. g5 Nd4 (96... d1=B $2 97. g6 Nd4 98. Rxd1 Kxd1 99. g7 $18) 97. g6 Nf5 (97... d1=B $2 98. Rxd1 Kxd1 99. g7 $18) 98. Kc2 e3 99. Rh2+ Ke1 100. Rh1+ Ke2 101. Rh2+ $1 Ke1 102. Rh1+ Ke2 1/2-1/2

[Event "ChessKid Cup Div-III 2023"]
[Site "Online"]
[Date "2023.05.22"]
[Round "1.2"]
[White "Pichot, Alan"]
[Black "Sasikiran, Krishnan"]
[Result "1-0"]
[ECO "C54"]
[WhiteElo "2638"]
[BlackElo "2604"]
[Annotator "TA"]
[PlyCount "61"]
[EventDate "2023.05.21"]
[EventType "k.o."]
[EventCountry "NET"]
[SourceTitle "playchess.com"]
[Source "ChessBase"]
[SourceQuality "1"]
[TimeControl "900+3"]

1. e4 e5 2. Nf3 Nc6 3. Bc4 Nf6 4. d3 Bc5 5. c3 d6 6. O-O a6 {[%emt 0:00:11] Recently 6...a5 got a lot of attention.} 7. a4 {[%emt 0:00:13] C54: Giuoco Piano: 4 c3 Nf6, main lines with 5 d4 and 5 d3.} Ba7 8. Na3 O-O 9. Nc2 {[%emt 0:00:19] The position is equal.} Ne7 10. Bg5 $5 {[%emt 0:00:53][%mdl 4] Exploring less charted territory.} Ng6 11. Nh4 {[%emt 0:00:10] [#]} Kh8 $146 ({Predecessor:} 11... Nf4 12. d4 Be6 13. dxe5 dxe5 14. Bxe6 fxe6 15. Bxf4 exf4 16. e5 Ne4 17. Nf3 Qxd1 18. Raxd1 {0-1 Bologan,V (2640)-Fedoseev,V (2665) RUS-chT rapid 2016 (7.2)}) 12. Nf3 (12. Nxg6+ $14 fxg6 13. Be3) 12... h6 $11 13. Be3 Bb8 14. a5 Ng4 15. d4 f5 (15... exd4 $142 16. Nfxd4 (16. Qxd4 Qe7 $11) (16. Ncxd4 Nxe3 17. fxe3 Qe7 $11) (16. Bxd4 c5 $11) (16. cxd4 f5 $11) 16... N6e5) 16. exf5 $1 Bxf5 17. h3 e4 {[%emt 0:00:58] [#] Hoping for ...Nxe3.} 18. Nd2 (18. hxg4 Bxg4 19. Bd5 exf3 20. Bxb7 (20. gxf3 $2 Bh3 $19) 20... Ra7 21. Bxf3 Bxf3 22. gxf3 d5 $17) 18... Nf6 19. f3 exf3 (19... d5 {simplifies} 20. fxe4 Nxe4 21. Nxe4 Bxe4 22. Bd3 Rxf1+ 23. Qxf1 Bxd3 24. Qxd3 Qd6) 20. Rxf3 (20. Nxf3 $11 c6 21. Bd3 Bxd3 22. Qxd3) 20... Nh4 $1 $15 21. Rf4 d5 22. Bb3 g5 {[%emt 0:00:18] [#]} (22... Qe7 $17 {...Bxc2 would be deadly.} 23. Qe1 (23. Rxh4 Bxc2 24. Qe1 Bxb3 $17) 23... Re8) 23. Rxh4 $1 $14 gxh4 24. Bxh6 Rg8 25. Qf3 $36 {[%emt 0:00:03][%mdl 3072] White has compensation. White has the initiative.} Bh7 26. Rf1 Rg6 27. Bf4 {[%emt 0:00:53] Threatens to win with Be5.} c6 28. Ne3 {[%emt 0:00:02] Black must now prevent Bc2.} Qd7 $2 (28... Bxf4 $14 29. Qxf4 Qb8) 29. Bc2 $18 Ne4 30. Nxe4 dxe4 31. Qxe4 $2 {[%emt 0:00:11][%mdl 32768] Weighted Error Value: White=0.12 (very precise) /Black=0.35. Loss on time!?} ({Less strong is} 31. Bxe4 Rf6 $16) (31. Qh5 $18 Qg7 32. Ng4 (32. Qxh4 Bxf4 33. Qxf4 Re8 $16) 32... Bxf4 33. Rxf4) 1-0

[Event "ChessKid Cup Div-III 2023"]
[Site "Online"]
[Date "2023.05.22"]
[Round "1.2"]
[White "Chigaev, Maksim"]
[Black "Vaibhav, Suri"]
[Result "1/2-1/2"]
[ECO "D27"]
[WhiteElo "2628"]
[BlackElo "2595"]
[Annotator "TA"]
[PlyCount "71"]
[EventDate "2023.05.21"]
[EventType "k.o."]
[EventCountry "NET"]
[SourceTitle "playchess.com"]
[Source "ChessBase"]
[SourceQuality "1"]
[TimeControl "900+3"]

1. d4 d5 2. Nf3 e6 3. c4 dxc4 4. e3 Nf6 5. Bxc4 a6 6. O-O c5 7. Re1 {[%emt 0:00:04] D27: Queen's Gambit Accepted: Classical main line: 7 e4!? and 7 a4.} Nc6 {[%emt 0:00:12] 7...Nc6 scores better than 7...b5.} 8. Nc3 b5 9. Bb3 Bb7 10. a3 (10. d5 {looks sharper.} exd5 11. e4 dxe4 12. Bg5) 10... Be7 {[%emt 0:00:18] [#]} 11. dxc5 $146 ({Predecessor:} 11. Bc2 O-O 12. Ne4 Nxe4 13. Bxe4 f5 14. Bc2 cxd4 15. exd4 Bf6 16. Be3 Na5 17. Bd2 {0-1 Jankovic,A (2444)-Mikhalchishin,A (2527) Mitropa Cup 23th 2004 (2.1)}) 11... Bxc5 12. Bc2 Qc7 13. b4 Bd6 {[%emt 0:00:02] [#] aiming for ...Ne5.} 14. Ne4 Nxe4 (14... Be7 $5 ) 15. Bxe4 Rd8 {[%emt 0:00:14][%cal Od6h2] Strongly threatening ...Bxh2+!} 16. Qc2 f5 17. Bxc6+ Qxc6 18. Qxc6+ Bxc6 19. Bb2 {[%emt 0:00:00] White is weak on the light squares} Ke7 20. Rac1 Bxf3 21. gxf3 Rc8 22. f4 Rhg8 23. Kf1 Rxc1 24. Rxc1 $11 {[%emt 0:00:00][%mdl 4096] Endgame KRB-KRB} g5 25. fxg5 Rxg5 26. Rc6 Bxh2 27. Rxa6 h5 28. Ke2 Rg1 29. Ra7+ Kd6 {[%emt 0:00:01] The position is equal.} 30. Rh7 Rb1 31. Bd4 Be5 32. Bxe5+ ({Much weaker is} 32. Rxh5 Bxd4 33. exd4 Rb3 $15) 32... Kxe5 33. Rb7 h4 34. Rxb5+ Kf6 {[%emt 0:00:02] [#] White must now prevent ...h3.} 35. Rb8 Kg7 {[%emt 0:00:02] ...h3 is the strong threat.} 36. Rb7+ {[%emt 0:00:36] Not much happened in this game.   Weighted Error Value: White=0.05 (flawless) /Black=0.04 (flawless)} 1/2-1/2

[Event "ChessKid Cup Div-III 2023"]
[Site "Online"]
[Date "2023.05.22"]
[Round "1.2"]
[White "Bok, Benjamin"]
[Black "Navara, David"]
[Result "1/2-1/2"]
[ECO "D45"]
[WhiteElo "2607"]
[BlackElo "2678"]
[Annotator "TA"]
[PlyCount "128"]
[EventDate "2023.05.21"]
[EventType "k.o."]
[EventCountry "NET"]
[SourceTitle "playchess.com"]
[Source "ChessBase"]
[SourceQuality "1"]
[TimeControl "900+3"]

1. d4 {[%emt 0:00:03] Kapnisis,Spyridon} d5 2. c4 e6 3. Nc3 c6 4. e3 Nf6 5. Nf3 Nbd7 6. Qc2 Bd6 7. b3 O-O 8. Be2 b6 9. O-O Bb7 10. Bb2 Qe7 11. Rad1 Rad8 12. Rfe1 Rfe8 13. Bf1 {[%emt 0:02:02] D45: Semi-Slav: 5 e3.} c5 14. cxd5 exd5 15. dxc5 bxc5 16. Ne2 {[%emt 0:00:04] [#]} Rc8 $146 ({Predecessor:} 16... Bc7 17. Ng3 Ba5 18. Nf5 Qf8 19. Bc3 Bxc3 20. Qxc3 a6 21. Qa5 Rc8 22. Rc1 g6 {1-0 Bacrot,E (2673)-Korobov,A (2688) ESP-chT CECLUB Honor 2020 (7.3)}) 17. Ng3 g6 {[%emt 0:00:10] Prevents Nf5.} 18. Bb5 Bc6 19. Bxc6 Rxc6 20. Qc3 c4 21. Rxd5 {[%emt 0:00:21][%cal Oe1c1][%mdl 64] Back Rank} Bb4 (21... Rb8 $11 22. Nd4 Nxd5 23. Nxc6 Nxc3 24. Nxe7+ Bxe7 25. Bxc3 cxb3 26. axb3 Rxb3) 22. Rxd7 $1 $16 {[%emt 0:00:02][%mdl 64] Deflection} Qf8 {[%emt 0:00:00] [#]} (22... Bxc3 $16 23. Rxe7 Bxb2 24. Rxa7 cxb3) 23. Qd4 $1 $18 c3 24. Bc1 (24. Rxa7 $2 cxb2 25. Rf1 Ba3 $19) 24... c2 {[%emt 0:00:11] [#]} 25. Rf1 (25. Rxa7 Bxe1 26. Nxe1 Rd8 $17) 25... Bc3 $2 (25... Nxd7 {is a better chance.} 26. Qxd7 Ra6) 26. Qa4 Rec8 27. Rd3 Rd6 28. Rxd6 Qxd6 29. Ne4 Nxe4 30. Qxe4 Qd1 31. Nd4 Be1 32. Qb7 Rc3 {[%emt 0:00:41] [#]} 33. Nxc2 $2 Rxc2 34. Qb8+ Kg7 {[%emt 0:00:01][%cal Bg8g7,Bg7h6,Bh6g5][%mdl 32] [#]} 35. Bb2+ $1 {[%emt 0:00:01][%mdl 576] Decoy} f6 36. Qb7+ (36. Qxa7+ $16 Kg8 37. Qb8+ (37. Bxf6 $2 {leads to mate.} Bxf2+ 38. Kh1 Qxf1#) 37... Kf7 38. Qb7+ Kg8 39. Qa8+ (39. Bxf6 $2 {gets mated.} Bxf2+ 40. Kh1 Qxf1#) 39... Kf7 40. Qb7+ Kg8 41. Qb8+ (41. Bxf6 $2 Bxf2+ 42. Kh1 Qxf1#) 41... Kf7 42. Qb7+) 36... Kh6 $132 {[%emt 0:00:01][%mdl 2048] Black is fighting back} 37. Qf3 Bxf2+ 38. Qxf2 Rxf2 39. Rxd1 Rxb2 {[%emt 0:00:00][%mdl 4096] Endgame KR-KR} 40. Rd6 Rxa2 41. Rxf6 Kg5 42. Rf7 h5 43. h3 a5 44. Ra7 Kf5 45. b4 a4 {[%emt 0:00:01] The position is equal.} 46. b5 Ke5 47. b6 {[%emt 0:00:02] aiming for Ra5+.} Kd6 48. e4 Kc6 49. b7 Kc7 50. e5 Kb8 51. Ra5 Kxb7 52. e6 {[%emt 0:00:01] Hoping for Re5.} Kc7 53. e7 $1 Kd7 54. Ra7+ Ke8 {[%emt 0:00:01] ...h4 would be deadly.} 55. h4 a3 56. Kh2 Ra1 57. Kg3 Kf7 58. Kh2 Ke8 59. Kg3 a2 60. Kh2 $1 Kf7 61. Kg3 Ke8 62. Kh2 $1 Re1 63. Rxa2 Rxe7 64. Kh3 Kf7 {[%emt 0:00:01] White really could win this. An interesting game.   Weighted Error Value: White=0.20 (precise) /Black=0.23 (precise)} 1/2-1/2

[Event "ChessKid Cup Div-III 2023"]
[Site "Online"]
[Date "2023.05.22"]
[Round "1.2"]
[White "Paravyan, David"]
[Black "Gledura, Benjamin"]
[Result "1-0"]
[ECO "C83"]
[WhiteElo "2601"]
[BlackElo "2644"]
[Annotator "TA"]
[PlyCount "65"]
[EventDate "2023.05.21"]
[EventType "k.o."]
[EventCountry "NET"]
[SourceTitle "playchess.com"]
[Source "ChessBase"]
[SourceQuality "1"]
[TimeControl "900+3"]

1. e4 e5 2. Nf3 Nc6 3. Bb5 a6 4. Ba4 Nf6 5. O-O Nxe4 6. d4 b5 7. Bb3 d5 8. dxe5 Be6 9. c3 Be7 {[%emt 0:00:04] seems to push 9...Bc5 aside.} 10. h3 {[%emt 0:00:10] C83: Open Ruy Lopez: 9 c3 Be7.} O-O 11. Bc2 f6 12. exf6 {[%emt 0:00:33] White has an edge.} Bxf6 13. Nbd2 {[%emt 0:01:26] [#]} Nc5 $146 ({Predecessor:} 13... Bf5 14. Nb3 Qd6 15. Nbd4 Bg6 16. Ne2 Ne5 17. Nf4 Rad8 18. Nd4 Rde8 19. Nxg6 Nxg6 {1-0 Hunt,A (2288)-Sepman,Y (2225) GER-ch U20 int 1999 (9)}) 14. Nb3 Nxb3 15. axb3 Kh8 16. Qd3 Bg8 17. Bf4 d4 18. Rad1 (18. Qe4 $11 {should be considered.} Qd5 19. Bg5 (19. Bxc7 dxc3 20. bxc3 Bxc3 $11)) 18... dxc3 $1 $15 {[%emt 0:01:01] And now ...Qxd3 would win.} 19. Qf5 {[%emt 0:03:20] [#]} ({White should try} 19. Qe3 $15 Qe7 20. bxc3) 19... Qe8 $1 $17 {[%emt 0:01:45][%cal Of6e5] White must now prevent ...Be5!} 20. Rfe1 {[%emt 0:01:33] [#] Repels Be5} (20. Bxc7 $2 Be5 21. Qd7 Bxc7 22. Qxc7 Rc8 $19) 20... Qg6 ({Black should play} 20... Ne7 $1 $17 21. Qg4 cxb2) 21. Qxg6 $14 hxg6 22. bxc3 {[%emt 0:01:12] Threatens to win with Be4.} (22. Be4 Bxb3 23. Bxc6 Bxd1 24. Rxd1 (24. Bxa8 Bc2 $17) 24... cxb2 $15) 22... Bxc3 23. Re4 (23. Re3 $14 Bb2 24. Nh4 (24. Bxc7 Rac8 $16)) 23... Nb4 24. Bd2 Nxc2 $4 {[%emt 0:00:55][%mdl 8192] Loses the game.} (24... Bxd2 $11 25. Rxd2 Nxc2 26. Rh4+ Bh7 27. Rxc2 Rf5) 25. Rh4+ $18 ({Not} 25. Bxc3 Bxb3 26. Rd7 Rf7 27. Rxf7 Bxf7 $14) 25... Bh7 26. Bxc3 {[%emt 0:00:02] White wants to mate with Rd7.} b4 $2 {[%emt 0:00:49] Black is weak on the dark squares} (26... Rxf3 27. gxf3 c5) 27. Bb2 {[%emt 0:00:14] White threatens Rd7 and mate.} ({Less strong is} 27. Bxb4 Nxb4 28. Rxb4 c5 $16) 27... Rad8 {[%emt 0:00:23] Against Rd7} 28. Rxd8 {[%emt 0:00:08] White is clearly winning.} Rxd8 29. Ng5 Kg8 30. Rxh7 ({Weaker is} 30. Nxh7 Rd1+ 31. Kh2 Rd5 $18) 30... Rd1+ 31. Kh2 Nd4 32. Rh4 {[%emt 0:00:06] Inhibits Ne6.} c5 33. Re4 {[%emt 0:00:02] Weighted Error Value: White=0.27 (precise) /Black=0.58} 1-0

[Event "ChessKid Cup Div-III 2023"]
[Site "Online"]
[Date "2023.05.22"]
[Round "1.2"]
[White "Santos Ruiz, Miguel"]
[Black "Lysyj, Igor"]
[Result "0-1"]
[ECO "C50"]
[WhiteElo "2590"]
[BlackElo "2606"]
[Annotator "TA"]
[PlyCount "84"]
[EventDate "2023.05.21"]
[EventType "k.o."]
[EventCountry "NET"]
[SourceTitle "playchess.com"]
[Source "ChessBase"]
[SourceQuality "1"]
[TimeControl "900+3"]

1. e4 {[%emt 0:00:03] Esipenko,Andrey} e5 2. Nf3 Nc6 3. Bc4 Bc5 4. d3 Nf6 5. a4 a6 {[%emt 0:00:11] [#]} 6. Be3 $146 {[%emt 0:00:02] C50: Hungarian Defence and Giuoco Pianissimo.} ({Predecessor:} 6. O-O d6 7. a5 Ba7 8. c3 O-O 9. h3 h6 10. Be3 Re8 11. Qb3 Qe7 12. Nbd2 Rb8 13. Bxa7 Nxa7 {½-½ Esipenko,A (2714)-Nakamura,H (2736) Berlin FIDE GP 1 Pool-A 2022 (6)}) 6... Bxe3 7. fxe3 d6 8. O-O {[%emt 0:00:01] The position is equal.} O-O 9. h3 Ne7 10. Nbd2 Ng6 11. c3 c6 12. d4 a5 13. Bb3 Qe7 14. Qe1 Be6 15. Bc2 Rae8 16. Qg3 Nh5 17. Qh2 (17. Qg5 {seems wilder.} Nf6 18. dxe5 dxe5 19. Nxe5 Qc7 20. Nxg6 fxg6 21. e5) 17... Bc8 18. Rf2 Nf6 19. Raf1 b5 20. g4 Ba6 21. Bd3 Qb7 22. axb5 cxb5 (22... Bxb5 $15 23. c4 Ba6) 23. Qg3 (23. g5 $5 exd4 24. cxd4 (24. gxf6 dxe3 25. Rg2 exd2 $11) (24. Nxd4 Nd7 $14) 24... Nxe4 25. Nxe4 (25. Bxe4 Rxe4 26. Nxe4 Qxe4 $16) 25... Rxe4 26. Bxe4 Qxe4 27. Qxd6 $16) 23... b4 24. c4 exd4 25. exd4 (25. Qxd6 $2 {too greedy.} dxe3 26. Bc2 exf2+ $19) 25... Qb6 26. g5 $2 {[%emt 0:00:38] [#] White does not recover from this.} (26. b3 $11 {and White stays safe.}) 26... Nh5 $1 $19 27. Qh2 Ngf4 28. c5 (28. Bc2 $17) 28... dxc5 29. dxc5 Qe6 30. Bxa6 Qxa6 31. Nd4 $2 (31. Nh4 {was necessary.} Nd3 32. Rf3) 31... Qd3 $1 32. Nf5 Nxh3+ 33. Kg2 Nxf2 34. Rxf2 g6 35. Nh6+ Kh8 (35... Kg7 $142 36. Qc7 Qd8 37. Rxf7+ Rxf7 38. Qxf7+ Kh8) 36. Qc7 Qe3 37. Nxf7+ {[%emt 0:00:27] [#]} Rxf7 $1 38. Qxf7 Qxg5+ 39. Kf1 Rd8 {[%emt 0:00:13] Hoping for ...Ng3+.} 40. c6 $2 (40. e5 Qxe5 41. c6) 40... Ng3+ {[%emt 0:00:40] Black is clearly winning.} (40... Rxd2 $2 41. Qf8#) 41. Ke1 Qe3+ 42. Kd1 Nxe4 {[%emt 0:00:01] An entertaining game by Lysyj.   Weighted Error Value: White=0.62/Black=0.26 (precise)} 0-1